 Dungeon Crawl Stone Soup version 0.22-a0-135-g6f012ad (webtiles) character file.

2167 Azzok the Fighter (level 9, -1/86 HPs)
             Began as a Centaur Fighter on Jan 31, 2018.
             Was a Follower of Okawaru.
             Splashed by a jelly's acid (2 damage)
             ... on level 8 of the Dungeon.
             The game lasted 00:16:17 (7731 turns).

Azzok the Fighter (Centaur Fighter)                 Turns: 7731, Time: 00:16:19

Health: -1/86      AC: 11    Str: 20    XL:     9   Next: 10%
Magic:  9/11       EV:  5    Int: 10    God:    Okawaru [*.....]
Gold:   359        SH: 10    Dex:  8    Spells: 8/8 levels left

rFire    . . .     SeeInvis .   d - +3 spear
rCold    . . .     Gourm    .   c - +0 shield
rNeg     . . .     Faith    .   z - +0 plate armour
rPois    +         Spirit   .   (no helmet)
rElec    .         Reflect  .   (no cloak)
rCorr    .         Harm     .   (no gloves)
MR       .....                  (no barding)
Stlth    ..........             (no amulet)
HPRegen  0.24/turn              w - ring of poison resistance
MPRegen  0.12/turn              (no ring)

@: heroism, very quick
A: large, hooves 3, deformed body, speed 2, tough skin 3
a: Heroism, Renounce Religion


You were on level 8 of the Dungeon.
You worshipped Okawaru.
Okawaru was aware of your devotion.
You were not hungry.

You visited 2 branches of the dungeon, and saw 9 of its levels.

You collected 415 gold pieces.
You spent 56 gold pieces at shops.

Inventory:

Hand Weapons
 a - a +0 long sword
 d - a +3 spear (weapon)
 x - a +0 shortbow
 E - a cursed +0 rapier
 F - a +3 shortbow
Missiles
 i - 99 arrows
Armour
 c - a +0 shield (worn)
 z - a +0 plate armour (worn)
Jewellery
 w - a ring of poison resistance (left hand)
 D - a +3 ring of evasion {unknown}
Scrolls
 b - a scroll of blinking
 e - 3 scrolls of identify
 h - 7 scrolls of teleportation
 k - 2 scrolls of fog
 m - a scroll of noise {unknown}
 q - a scroll of fear {unknown}
 r - 3 scrolls of remove curse
 s - 3 scrolls of immolation {unknown}
 u - 2 scrolls of magic mapping {unknown}
 y - a scroll of summoning {unknown}
Potions
 j - 2 potions of brilliance {unknown}
 l - a potion of haste {unknown}
 n - 5 potions of heal wounds {unknown}
 o - a potion of lignification {unknown}
 t - 7 potions of curing
 A - 2 potions of invisibility {unknown}
 B - a potion of ambrosia {unknown}
 C - a potion of agility {unknown}
Books
 g - a book of Party Tricks

   Spells                             Type                      Level
   a - Summon Butterflies             Summoning                    1
   b - Apportation                    Translocation                1
   c - Lesser Beckoning               Translocation                3
   d - Tukima's Dance                 Hexes                        3
   e - Alistair's Intoxication        Transmutation/Poison         5
   f - Invisibility                   Hexes                        6
 p - a book of Maledictions

   Spells                             Type                      Level
   a - Corona                         Hexes                        1
   b - Ensorcelled Hibernation        Hexes/Ice                    2
   c - Confuse                        Hexes                        3
   d - Tukima's Dance                 Hexes                        3
   e - Dazzling Spray                 Conjuration/Hexes            3
Comestibles
 f - 12 rations
 v - a chunk of flesh


   Skills:
 - Level 10.4(15.4) Fighting
 - Level 1.7(6.7) Long Blades
 * Level 7.6(12.6) Bows
 - Level 2.1(7.1) Armour
 - Level 2.1(7.1) Shields
 + Level 3.2 Invocations


You had 8 spell levels left.
You didn't know any spells.

Dungeon Overview and Level Annotations

Branches:
Dungeon (8/15)             Temple (1/1) D:6
   Lair: D:8-11

Altars:
Ashenzari
Cheibriados
Dithmenos
Fedhas
Gozag
Hepliaklqana
Makhleb
Nemelex Xobeh
Okawaru
Qazlal
Ru
Sif Muna
Trog
Vehumet
Wu Jian
Xom
Yredelemnul
Zin
The Shining One

Shops:
D:6 !


Innate Abilities, Weirdness & Mutations

You have hooves in place of feet.
Armour fits poorly on your strangely shaped body.
You cover ground very quickly.
You have extremely tough skin. (AC +3)


Message History

The bullfrog is severely wounded.
You block the bullfrog's attack. The jelly hits you but does no damage.
You block the bullfrog's attack.
You completely miss the bullfrog.
You kill the bullfrog!
Okawaru accepts your kill.
You can now gain great but temporary skills.
The jelly hits you.
* * * LOW HITPOINT WARNING * * *
You are splashed with acid!
The acid burns!
* * * LOW HITPOINT WARNING * * *
Okay, then.
You gain the combat prowess of a mighty hero.
You hit the jelly.
Your hands burn!
* * * LOW HITPOINT WARNING * * *
Your kick misses the jelly.
The jelly is moderately wounded.
The jelly hits you but does no damage.
You puncture the jelly!
Your hands burn!
You die...

··· ·▒▒▒╬▒▒▒ ·· ···
·······▒ ··· ·······▒
···· ·······▒ ·····
······▒ ▒▒▒▒▒▒▒·····
·····▒▒▒▒▒
▒···········
▒·····▒▒▒▒▒·········!·
▒····@J·†((··(·)······
▒·····················
▒················▒╬▒▒▒
▒················▒
▒················▒
▒···········>····▒
▒·····▒▒▒╬▒▒▒╬▒▒▒▒
▒·····╬


You could see a jelly.

Vanquished Creatures
  Sigmund (D:5)
  An orc warrior (D:7)
  3 phantoms
  An ogre (D:5)
  3 centaurs
  3 bullfrogs
  Blork the orc (D:4)
  2 howler monkeys (D:6)
  A quasit (D:6)
  A jelly (D:6)
  7 orc wizards
  4 hounds
  3 orc priests
  An iguana (D:4)
  7 worker ants
  A killer bee zombie (D:6)
  3 worker ant zombies (D:5)
  11 adders
  A gnoll (D:1)
  2 shadow imps
  An ooze (D:2)
  An adder skeleton (D:3)
  2 adder zombies
  4 worms
  A dart slug (D:2)
  4 leopard geckos
  32 orcs
  A ball python (D:3)
  5 giant cockroaches
  10 goblins
  7 hobgoblins
  5 kobolds
  3 quokkas
  10 bats
  5 frilled lizards
  A jackal skeleton (D:3)
  A quokka skeleton (D:4)
  6 rats
156 creatures vanquished.

Notes
Turn   | Place    | Note
-------+----------+-------------------------------------------
     0 | D:1      | Azzok the Centaur Fighter began the quest for the Orb.
     0 | D:1      | Reached XP level 1. HP: 19/19 MP: 1/1
   199 | D:1      | Reached XP level 2. HP: 26/26 MP: 2/2
   419 | D:1      | Reached skill level 4 in Fighting
   832 | D:2      | Reached XP level 3. HP: 22/33 MP: 3/3
  1248 | D:2      | Reached XP level 4. HP: 27/41 MP: 4/4
  1250 | D:2      | Reached skill level 5 in Fighting
  1979 | D:3      | Reached XP level 5. HP: 50/50 MP: 5/5
  2124 | D:3      | Reached skill level 6 in Fighting
  2779 | D:4      | Noticed a phantom
  2805 | D:4      | Killed a phantom
  2805 | D:4      | Reached XP level 6. HP: 43/58 MP: 6/6
  2966 | D:4      | Reached skill level 7 in Fighting
  3231 | D:4      | Noticed Blork the orc
  3244 | D:4      | Killed Blork the orc
  3588 | D:5      | Entered Level 5 of the Dungeon
  3650 | D:5      | Reached skill level 8 in Fighting
  3650 | D:5      | Reached XP level 7. HP: 42/68 MP: 7/7
  4480 | D:5      | Noticed Sigmund
  4482 | D:5      | Found an opulent altar of Gozag.
  4833 | D:5      | Killed Sigmund
  4833 | D:5      | Reached skill level 9 in Fighting
  5121 | D:5      | Reached XP level 8. HP: 74/79 MP: 8/8
  5344 | D:5      | Found a bloodstained altar of Trog.
  5362 | D:5      | Found a burning altar of Makhleb.
  5363 | D:5      | Found a basalt altar of Yredelemnul.
  5363 | D:5      | Found a stormy altar of Qazlal.
  5364 | D:5      | Found a shimmering altar of Xom.
  5367 | D:5      | Found an ornate altar of the Wu Jian Council.
  5426 | D:5      | Reached skill level 1 in Bows
  5583 | D:6      | Reached skill level 10 in Fighting
  5891 | D:6      | Found Niothraso's Distillery.
  5901 | D:6      | Bought a potion of degeneration for 14 gold pieces
  5901 | D:6      | Bought a potion of curing for 42 gold pieces
  6063 | D:6      | Found a staircase to the Ecumenical Temple.
  6128 | Temple   | Entered the Ecumenical Temple
  6135 | Temple   | Became a worshipper of Warmaster Okawaru
  6535 | D:7      | Found a shattered altar of Ashenzari.
  6566 | D:7      | Reached skill level 5 in Bows
  6566 | D:7      | Reached skill level 1 in Invocations
  7176 | D:7      | Found a blossoming altar of Fedhas.
  7298 | D:7      | Found a sacrificial altar of Ru.
  7405 | D:7      | Found a snail-covered altar of Cheibriados.
  7408 | D:7      | Found a blossoming altar of Fedhas.
  7418 | D:7      | Found a glowing golden altar of the Shining One.
  7620 | D:8      | Reached XP level 9. HP: 82/86 MP: 9/11
  7726 | D:8      | Reached * piety under Okawaru
  7730 | D:8      | HP: 1/86 [acid (5)]
  7731 | D:8      | Splashed by a jelly's acid

Vault maps used:
D:1:      wheals_arrival_linesprint, nrook_uturn, minmay_pentomino_p2
D:2:      nicolae_overflow_hidden_temple
D:3:      minmay_randomly_rotated_circles
D:4:      serial_glass, glass_columns_c, glass_columns_c, feat_on_display,
          minmay_strange_pillars, uniq_blork_the_orc
D:5:      kennysheep_spiral_hall, minitemple, first_ration, uniq_sigmund
D:6:      minmay_temple_entry_glassed_door, serial_shops, shop_coins
D:7:      grunt_temple_overflow_cloverleaf, basic_altar, fedhas_altar_2
D:8:      hangedman_ranch, uniq_erica, uniq_gastronok
Temple:   eino_temple_lava

Skill      XL: |  1  2  3  4  5  6  7  8  9 |
---------------+----------------------------+-----
Fighting       | 4 5 6 8 9 10 | 10.4
Bows           | 7 |  7.6
Invocations    | 2 3 |  3.2
Long Blades    | |  1.7
Armour         | |  2.1
Shields        | |  2.1

Action                   |  1- 3 |  4- 6 |  7- 9 || total
-------------------------+-------+-------+-------++-------
Melee: Long sword        |    21 |       |       ||    21
       Kick              |    16 |    45 |    71 ||   132
       Spear             |    73 |   208 |   362 ||   643
Invok: Heroism           |       |       |     1 ||     1
  Use: Potion            |     1 |       |       ||     1
       Scroll            |       |       |     6 ||     6
  Eat: Chunk             |       |     7 |     8 ||    15
       Ration            |       |       |     1 ||     1
Armor: Scale mail        |    37 |    64 |       ||   101
       Chain mail        |       |    17 |   159 ||   176
       Plate armour      |       |       |    61 ||    61
Dodge: Dodged            |    15 |    35 |    40 ||    90
Block: Shield            |    32 |    81 |   140 ||   253
       Rpst.: Long sword |     1 |       |       ||     1

Table legend:
 A = Spawn XP
 B = Non-spawn XP
 C = Spawn XP percentage of total XP
 D = Spawn monster count
 E = Non-spawn monster count
 F = Spawn count percentage of total count
 G = Total turns spent on level
                    A         B        C        D         E        F      G
               +---------+---------+-------+---------+---------+-------+---------
         Total |       0 |    3097 |   0.0 |       0 |     156 |   0.0 |  7731
               +---------+---------+-------+---------+---------+-------+---------
           D:1 |       0 |      33 |   0.0 |       0 |      14 |   0.0 |   794
           D:2 |       0 |      97 |   0.0 |       0 |      28 |   0.0 |   968
           D:3 |       0 |     153 |   0.0 |       0 |      34 |   0.0 |   987
           D:4 |       0 |     302 |   0.0 |       0 |      14 |   0.0 |  1134
           D:5 |       0 |     933 |   0.0 |       0 |      27 |   0.0 |  1646
           D:6 |       0 |     624 |   0.0 |       0 |      19 |   0.0 |   926
           D:7 |       0 |     592 |   0.0 |       0 |      16 |   0.0 |  1139
           D:8 |       0 |     363 |   0.0 |       0 |       4 |   0.0 |   120
               +---------+---------+-------+---------+---------+-------+---------
